[Event "Titled Tuesday Blitz August 09 Early 2022"]
[White "Matveeva, Olga"]
[Black "Filippova, Margarita"]
[WhiteFideId "24107018"]
[BlackFideId "34199680"]
[WhiteElo "2052"]
[BlackElo "1734"]
[Result "0-1"]
[Round "05"]
[TimeControl "180+1"]
[Date "2022.08.09"]
[WhiteClock "0:00:01"]
[BlackClock "0:00:24"]

1. d4 Nf6 2. c4 e6 3. g3 Bb4+ 4. Bd2 Qe7 5. Nf3 Nc6 6. Nc3 O-O 7. Bg2 Bxc3 8. Bxc3 Ne4 9. Rc1 Nxc3 10. Rxc3 d6 11. d5 Nd8 12. O-O e5 13. b4 f5 14. c5 Nf7 15. Qb3 e4 16. Nd4 Ne5 17. cxd6 cxd6 18. Rfc1 Bd7 19. Rc7 Rfc8 20. Ne6 f4 21. Nxf4 g5 22. Nh5 Qf7 23. Rxc8+ Rxc8 24. Rxc8+ Bxc8 25. Qc2 Bf5 26. Bxe4 Bxe4 27. Qxe4 Qxh5 28. Kg2 Qf7 29. f3 Nd7 30. a4 Nb6 31. Qg4 Nxd5 32. Qc8+ Kg7 33. b5 Ne3+ 34. Kf2 Nf5 35. Qc3+ Qf6 36. Qc7+ Kg6 37. Qxb7 Qd4+ 38. Kg2 Qe3 39. Qe4 Qxe4 40. fxe4 Nd4 41. Kf2 Nb3 42. Ke3 Kf6 43. Kd3 Nc5+ 44. Kd4 Nxa4 45. Kd5 Nc3+ 46. Kxd6 Nxb5+ 47. Kd5 Nc3+ 48. Kd4 Nxe2+ 49. Ke3 Nc3 50. Kd3 Nb5 51. Kc4 Nc7 52. Kc5 Ne6+ 53. Kd6 h5 0-1


[Site "https://www.chess.com"]

[Event "Titled Tuesday Blitz August 09 Early 2022"]
[White "Melaugh, Shane"]
[Black "Costachi, Mihnea"]
[WhiteFideId "2509580"]
[BlackFideId "1217518"]
[WhiteElo "1946"]
[BlackElo "2437"]
[Result "0-1"]
[Round "05"]
[TimeControl "180+1"]
[Date "2022.08.09"]
[WhiteClock "0:00:09"]
[BlackClock "0:00:56"]

1. c4 Nf6 2. Nc3 e5 3. Nf3 Nc6 4. e4 Bc5 5. Nxe5 Nxe5 6. d4 Bd6 7. c5 Bxc5 8. dxe5 Ng8 9. Qg4 Bf8 10. Qg3 d6 11. Bg5 f6 12. exf6 Nxf6 13. O-O-O Be7 14. Bc4 Nh5 15. Bxe7 Nxg3 16. Bxd8 Nxh1 17. Bh4 g5 18. Bxg5 Nxf2 19. Rf1 Ng4 20. Bf7+ Kd7 21. Nd5 c6 22. Nf6+ Nxf6 23. Bxf6 Rf8 24. Bg7 Rd8 25. Bf6 b6 26. Bxd8 Ba6 27. Rf6 Rxd8 28. Be6+ Ke7 29. Rh6 Bd3 30. Bf5 d5 31. Rxh7+ Kf6 32. Rh6+ Ke5 33. Re6+ Kd4 34. Rxc6 dxe4 35. g4 Rh8 36. Rd6+ Ke3 37. g5 Rxh2 38. b3 Rc2+ 39. Kd1 Rxa2 40. Kc1 Rc2+ 41. Kd1 Rb2 42. Rc6 Rg2 43. Kc1 Rxg5 44. Be6 Rc5+ 45. Rxc5 bxc5 46. Kd1 Kf2 47. Kd2 e3+ 48. Kxd3 e2 49. Kc4 e1=Q 50. Kxc5 Qxe6 51. b4 Ke3 0-1


[Site "https://www.chess.com"]

[Event "Titled Tuesday Blitz August 09 Early 2022"]
[White "Mika, Tomasz"]
[Black "Lakshmi C"]
[WhiteFideId "1132970"]
[BlackFideId "25035347"]
[WhiteElo "2126"]
[BlackElo "1775"]
[Result "1-0"]
[Round "05"]
[TimeControl "180+1"]
[Date "2022.08.09"]
[WhiteClock "0:00:26"]
[BlackClock "0:00:01"]

1. c4 e5 2. g3 d6 3. Bg2 Nc6 4. e3 f5 5. Ne2 Nf6 6. O-O Be7 7. d4 O-O 8. b3 Bd7 9. Bb2 e4 10. Nbc3 Qe8 11. Rc1 Ng4 12. Nd5 Bd8 13. b4 Qh5 14. h3 Nf6 15. Nef4 Qf7 16. b5 Ne7 17. Nxe7+ Bxe7 18. d5 g5 19. Ne2 b6 20. Nd4 Rfe8 21. f3 Bf8 22. fxe4 Nxe4 23. Kh2 Qg6 24. Ne6 Bxe6 25. dxe6 Rxe6 26. Qd4 Rae8 27. g4 f4 28. exf4 gxf4 29. Rxf4 Bg7 30. Qxg7+ Qxg7 31. Bxg7 Kxg7 32. Rcf1 Ng5 33. h4 Ne4 34. Rf7+ Kh8 35. Rxc7 Nf6 36. g5 Ng4+ 37. Kg3 Ne5 38. Bd5 Rg6 39. Rf6 Rg7 40. Rxg7 Kxg7 41. Rxd6 Re7 42. Re6 Rxe6 43. Bxe6 Nd3 44. Bd5 Nb4 45. a4 1-0


[Site "https://www.chess.com"]

[Event "Titled Tuesday Blitz August 09 Early 2022"]
[White "Mikhnenko, Alexander"]
[Black "Bazeev, German"]
[WhiteFideId "34143014"]
[BlackFideId "24119350"]
[WhiteElo "2134"]
[BlackElo "2493"]
[Result "0-1"]
[Round "05"]
[TimeControl "180+1"]
[Date "2022.08.09"]
[WhiteClock "0:00:16"]
[BlackClock "0:01:54"]

1. e4 c5 2. Nf3 Nf6 3. Nc3 Nc6 4. d4 d5 5. e5 Ne4 6. dxc5 Nxc3 7. bxc3 Bg4 8. c4 d4 9. Be2 e6 10. O-O Bxc5 11. Rb1 Qc7 12. Bf4 Rd8 13. Bd3 h6 14. h3 Bh5 15. g4 Bg6 16. Bxg6 fxg6 17. Qd3 O-O 18. Bg3 g5 19. Rfe1 b6 20. Nd2 Nb4 21. Qg6 d3 22. Qxe6+ Kh8 23. cxd3 Nxd3 24. Rf1 Nxf2 25. Bxf2 Rxf2 26. Rxf2 Bxf2+ 27. Kxf2 Rxd2+ 28. Ke3 Qd8 29. Ke4 Qd3# 0-1


[Site "https://www.chess.com"]

[Event "Titled Tuesday Blitz August 09 Early 2022"]
[White "Mitrabha, Guha"]
[Black "Drozdowski, Kacper"]
[WhiteFideId "5057000"]
[BlackFideId "1136720"]
[WhiteElo "2499"]
[BlackElo "2485"]
[Result "1/2-1/2"]
[Round "05"]
[TimeControl "180+1"]
[Date "2022.08.09"]
[WhiteClock "0:00:27"]
[BlackClock "0:00:34"]

1. d4 Nf6 2. Nf3 g6 3. g3 Bg7 4. Bg2 O-O 5. O-O d6 6. b3 Nc6 7. Bb2 e5 8. dxe5 Ng4 9. Qc1 Ngxe5 10. c4 Bg4 11. Nc3 Nxf3+ 12. exf3 Be6 13. f4 Re8 14. Qd2 Rb8 15. Rfe1 Nd4 16. Re4 c5 17. Rae1 Qd7 18. Ne2 d5 19. cxd5 Bxd5 20. Rxe8+ Rxe8 21. Bxd4 Bxg2 22. Kxg2 Qd5+ 23. f3 cxd4 24. Nc3 Qd7 25. Rxe8+ Qxe8 26. Ne4 f5 27. Nf2 Qc6 28. Qe2 Bf6 29. Nd3 Kf7 30. h3 a6 31. g4 Qc3 32. Kg3 h6 33. h4 Qc8 34. Qe1 Qc3 35. Qe2 Qc8 36. g5 hxg5 37. fxg5 Qc7+ 38. f4 Bg7 39. h5 gxh5 40. Qxh5+ Kf8 41. Qg6 Qd7 42. a4 Qd5 43. Qb6 Kg8 44. g6 Qe4 45. Qd8+ Bf8 46. Ne5 Qe1+ 47. Kg2 Qe2+ 48. Kg3 Qe1+ 49. Kg2 Qe2+ 50. Kg3 Qe1+ 1/2-1/2


[Site "https://www.chess.com"]

[Event "Titled Tuesday Blitz August 09 Early 2022"]
[White "Mortazavi, Ali"]
[Black "Harsh Suresh"]
[WhiteFideId "401323"]
[BlackFideId "45018464"]
[WhiteElo "2339"]
[BlackElo "2070"]
[Result "1-0"]
[Round "05"]
[TimeControl "180+1"]
[Date "2022.08.09"]
[WhiteClock "0:00:22"]
[BlackClock "0:00:28"]

1. Nf3 Nf6 2. g3 d6 3. Bg2 g6 4. O-O Bg7 5. d3 O-O 6. e4 c6 7. Nc3 e5 8. a4 a5 9. h3 Na6 10. d4 exd4 11. Nxd4 Nc5 12. Re1 Re8 13. Bf4 Nh5 14. Be3 Ne6 15. Nb3 Qe7 16. Qd2 Nc5 17. Rad1 Nxb3 18. cxb3 Be6 19. Qc2 Rec8 20. Rd2 Nf6 21. Bd4 Ne8 22. Bxg7 Kxg7 23. f4 Qc7 24. f5 Bd7 25. Ne2 Nf6 26. Kh2 Re8 27. Qc3 Rad8 28. Nf4 Bc8 29. Nd5 cxd5 30. Qxc7 dxe4 31. fxg6 hxg6 32. Rxd6 Rxd6 33. Qxd6 Bf5 34. Qd4 g5 35. Rf1 Kg6 36. g4 Re6 37. gxf5+ 1-0


[Site "https://www.chess.com"]

[Event "Titled Tuesday Blitz August 09 Early 2022"]
[White "Musovic, Armin"]
[Black "Piesik, Piotr"]
[WhiteFideId "939935"]
[BlackFideId "1136194"]
[WhiteElo "2255"]
[BlackElo "2221"]
[Result "0-1"]
[Round "05"]
[TimeControl "180+1"]
[Date "2022.08.09"]
[WhiteClock "0:01:33"]
[BlackClock "0:02:09"]

1. a3 g6 2. Nc3 Bg7 3. e4 c6 4. d4 d6 5. h3 Nf6 6. Bg5 O-O 7. f4 Qc7 8. e5 Nd5 9. Nxd5 cxd5 10. c3 dxe5 11. fxe5 f6 12. exf6 exf6 13. Bh4 Re8+ 14. Be2 Nc6 15. Nf3 Bf5 16. O-O Be4 17. Qb3 Na5 18. Qa2 Nc4 19. Bxc4 dxc4 20. Nd2 Bd3 21. Rf3 Qf7 22. Rf2 f5 23. Nf3 h6 24. Bg3 f4 25. Ne5 Bxe5 26. dxe5 g5 27. Re1 Qd5 28. Bh2 Rxe5 29. Rd1 Rae8 30. Bxf4 gxf4 31. Rxf4 Re1+ 32. Rxe1 Rxe1+ 33. Kh2 Qe5 34. Qxc4+ 0-1


[Site "https://www.chess.com"]

[Event "Titled Tuesday Blitz August 09 Early 2022"]
[White "Najdin, Danil"]
[Black "Shuvalova, Polina"]
[WhiteFideId "4172426"]
[BlackFideId "24171760"]
[WhiteElo "2240"]
[BlackElo "2330"]
[Result "0-1"]
[Round "05"]
[TimeControl "180+1"]
[Date "2022.08.09"]
[WhiteClock "0:00:11"]
[BlackClock "0:00:35"]

1. e4 c6 2. d4 d5 3. exd5 cxd5 4. Bd3 Nc6 5. c3 g6 6. Nf3 Bg7 7. O-O Nf6 8. Re1 O-O 9. Bf4 Bf5 10. Bf1 Qb6 11. Qb3 e6 12. Qxb6 axb6 13. Nbd2 h6 14. h3 g5 15. Bh2 Ne4 16. Bc7 Nxd2 17. Nxd2 Rfc8 18. Bxb6 Bf8 19. Nb3 Nb8 20. Bc5 Bg7 21. a4 Nd7 22. a5 Bc2 23. Ra3 Bxb3 24. Rxb3 Nxc5 25. dxc5 Rxa5 26. Rxb7 Raxc5 27. Ra1 d4 28. cxd4 Bxd4 29. Raa7 Rf5 30. Ra4 Bxf2+ 31. Kh2 Be3 32. Bd3 Rd5 33. Rb3 Rcd8 34. Bh7+ Kxh7 35. Rxe3 Rd2 36. Ra7 R8d7 37. Rxd7 Rxd7 38. b4 Rb7 39. Rb3 Rb5 40. g4 Kg6 41. Kg3 f5 42. Kf3 Kf6 43. Ke3 Ke5 44. Kd3 Kd5 45. Rb1 f4 46. Kc3 e5 47. Rd1+ Ke4 48. Kc4 Rb8 49. Re1+ Kf3 50. Rxe5 Kg2 51. b5 f3 52. h4 f2 53. Rf5 gxh4 0-1


[Site "https://www.chess.com"]

[Event "Titled Tuesday Blitz August 09 Early 2022"]
[White "Namitbir Singh Walia"]
[Black "Seemann, Jakub"]
[WhiteFideId "35071068"]
[BlackFideId "21874697"]
[WhiteElo "1664"]
[BlackElo "2064"]
[Result "0-1"]
[Round "05"]
[TimeControl "180+1"]
[Date "2022.08.09"]
[WhiteClock "0:00:10"]
[BlackClock "0:00:09"]

1. d4 Nf6 2. c4 e6 3. Nf3 d5 4. g3 dxc4 5. Bg2 a6 6. Ne5 Bb4+ 7. Nc3 Nd5 8. Bd2 Nb6 9. e4 N8d7 10. Nf3 O-O 11. O-O Nf6 12. Qe2 Bd7 13. Rac1 Be7 14. Ne5 Be8 15. Be3 Bb5 16. f4 Nfd7 17. Kh1 Nxe5 18. fxe5 f6 19. Bh3 fxe5 20. Bxe6+ Kh8 21. dxe5 Bc6 22. Bxc4 Nxc4 23. Qxc4 Qd7 24. Nd5 Rxf1+ 25. Rxf1 Bb5 26. Qxc7 Qg4 27. Rf4 Qd1+ 28. Bg1 Bg5 29. Qxb7 Rg8 30. Nc3 Qe1 31. Nxb5 axb5 32. Rf2 Be3 33. Rg2 Rf8 34. Qe7 Kg8 35. Qe6+ Kh8 36. Qd6 Rc8 37. Qd5 h6 38. e6 Rc1 39. h4 Bxg1 40. e7 Be3+ 41. Kh2 Qh1# 0-1


[Site "https://www.chess.com"]

[Event "Titled Tuesday Blitz August 09 Early 2022"]
[White "Nasir, Zehn"]
[Black "Fajdetic, Hrvoje"]
[WhiteFideId "2613239"]
[BlackFideId "14501945"]
[WhiteElo "1993"]
[BlackElo "2172"]
[Result "1-0"]
[Round "05"]
[TimeControl "180+1"]
[Date "2022.08.09"]
[WhiteClock "0:00:23"]
[BlackClock "0:00:02"]

1. d4 Nf6 2. Bf4 d6 3. e3 Nbd7 4. Nf3 g6 5. Nc3 Bg7 6. Qd2 O-O 7. Bc4 c6 8. Bb3 b5 9. a3 a5 10. O-O Bb7 11. Rfe1 b4 12. axb4 axb4 13. Rxa8 Qxa8 14. Na4 c5 15. dxc5 dxc5 16. Qe2 Bd5 17. Bxd5 Qxd5 18. Rd1 Qe4 19. b3 h6 20. Qd3 Qc6 21. Ne5 Nxe5 22. Bxe5 Rc8 23. Qc4 Ne4 24. Bxg7 Kxg7 25. f3 Nd6 26. Qd5 c4 27. Qd4+ f6 28. Nb6 Rc7 29. Nd5 Rb7 30. Nxe7 1-0


[Site "https://www.chess.com"]

[Event "Titled Tuesday Blitz August 09 Early 2022"]
[White "Navarrete Mendez, Gonzalo Alberto"]
[Black "McConnell, Griffin"]
[WhiteFideId "5106850"]
[BlackFideId "30942551"]
[WhiteElo "2261"]
[BlackElo "2318"]
[Result "1-0"]
[Round "05"]
[TimeControl "180+1"]
[Date "2022.08.09"]
[WhiteClock "0:00:18"]
[BlackClock "0:00:05"]

1. e4 c6 2. Nc3 d5 3. Nf3 Bg4 4. Be2 e6 5. d4 Nd7 6. O-O Be7 7. h3 Bh5 8. e5 f6 9. Bf4 f5 10. Ne1 Bf7 11. Nd3 g5 12. Bd2 h5 13. Kh1 b5 14. a4 b4 15. Nb1 a5 16. c3 bxc3 17. Nxc3 g4 18. Nf4 c5 19. Nb5 cxd4 20. Nxd4 Qb6 21. Be3 Qxb2 22. Ndxe6 Rc8 23. Bd4 Qb8 24. Ng7+ Kf8 25. Nge6+ Ke8 26. Rb1 Qa8 27. Ng7+ Kf8 28. e6 Ndf6 29. Nxf5 Be8 30. Nxe7 Kxe7 31. Qd2 Bc6 32. Qe3 Qb7 33. Ng6+ Ke8 34. Nxh8 Qg7 35. Qf4 Qxh8 36. Rfc1 Ke7 37. Bb5 Bb7 38. Rxc8 Bxc8 39. Qc7+ Bd7 40. exd7 Qh7 41. Re1+ Kf7 42. d8=Q+ Kg6 43. Qxh7+ Kg5 44. Bxf6+ Nxf6 45. Qg7+ Kh4 46. Qdxf6# 1-0


[Site "https://www.chess.com"]

[Event "Titled Tuesday Blitz August 09 Early 2022"]
[White "Nemurov, Aleksandr"]
[Black "Sarkar, Justin"]
[WhiteFideId "4194187"]
[BlackFideId "2010011"]
[WhiteElo "2190"]
[BlackElo "2076"]
[Result "1-0"]
[Round "05"]
[TimeControl "180+1"]
[Date "2022.08.09"]
[WhiteClock "0:01:11"]
[BlackClock "0:00:02"]

1. d4 a6 2. e4 b5 3. Bd3 Bb7 4. Nf3 e6 5. O-O c5 6. c3 Nf6 7. Nbd2 cxd4 8. cxd4 Be7 9. Re1 O-O 10. Nf1 d5 11. e5 Ne4 12. Ng3 Nxg3 13. hxg3 Nd7 14. Be3 Rc8 15. Qe2 Re8 16. Rec1 Nb6 17. Rxc8 Qxc8 18. Rc1 Qd7 19. Bb1 Rc8 20. Qd3 Rxc1+ 21. Bxc1 g6 22. Nh2 Qc7 23. Bh6 Qc4 24. Qe3 b4 25. Ng4 Nd7 26. Bg5 Bf8 27. Nh6+ Bxh6 28. Bxh6 a5 29. Kh2 Ba6 30. b3 Qc8 31. Bd3 Bxd3 32. Qxd3 Qc7 33. Qa6 Nb8 34. Qb5 Nd7 35. g4 Qa7 36. Qc6 1-0


[Site "https://www.chess.com"]

[Event "Titled Tuesday Blitz August 09 Early 2022"]
[White "Niyazgulova, Marina"]
[Black "Avalos Parra, Joao"]
[WhiteFideId "24142573"]
[BlackFideId "3402541"]
[WhiteElo "1986"]
[BlackElo "2173"]
[Result "1-0"]
[Round "05"]
[TimeControl "180+1"]
[Date "2022.08.09"]
[WhiteClock "0:00:15"]
[BlackClock "0:00:09"]

1. d4 Nf6 2. c4 e6 3. Nc3 Bb4 4. Qc2 d5 5. Nf3 O-O 6. Bg5 Nbd7 7. e3 c6 8. Bd3 dxc4 9. Bxc4 Qa5 10. Bxf6 Nxf6 11. O-O c5 12. a3 Bxc3 13. bxc3 cxd4 14. cxd4 b5 15. Bd3 Bb7 16. Ne5 Rac8 17. Qb2 a6 18. Rfc1 Nd5 19. Nd7 Rfd8 20. Nc5 Ba8 21. Rc2 Nb6 22. Rac1 Bd5 23. e4 Ba8 24. Qa1 h6 25. h3 Re8 26. Kh2 Na4 27. Nb3 Rxc2 28. Nxa5 Rxf2 29. Rc2 Rxc2 30. Bxc2 Nb6 31. Qc3 Nd7 32. Qc7 Nf6 33. Nb7 g5 34. Nd6 Rf8 35. Qe7 Kg7 36. e5 Nd5 37. Ne8+ Kg8 38. Nf6+ Kg7 39. Nxd5 exd5 40. Qf6+ Kg8 41. e6 fxe6 42. Qg6+ Kh8 43. Qh7# 1-0


[Site "https://www.chess.com"]

[Event "Titled Tuesday Blitz August 09 Early 2022"]
[White "Omariev, Maksim"]
[Black "Stepanencu, Nicodim-Cosmin"]
[WhiteFideId "4193423"]
[BlackFideId "1256220"]
[WhiteElo "2519"]
[BlackElo "1941"]
[Result "0-1"]
[Round "05"]
[TimeControl "180+1"]
[Date "2022.08.09"]
[WhiteClock "0:00:02"]
[BlackClock "0:00:37"]

1. g4 h5 2. g5 d5 3. d4 c6 4. Bg2 Bf5 5. c4 e6 6. Nc3 Nd7 7. Qb3 Qb6 8. c5 Qa6 9. f3 b6 10. e4 Bg6 11. cxb6 Qxb6 12. Qa4 Ne7 13. Nge2 a5 14. Be3 Qb4 15. O-O-O Nb6 16. Qc2 Nc4 17. Bf4 Nc8 18. a3 Qb7 19. Na4 Bd6 20. Rd3 Rb8 21. Nc5 Qxb2+ 22. Qxb2 Rxb2 23. Bxd6 Rxe2 24. Bf4 Rxg2 25. Rc3 Ra2 26. Kb1 Rxa3 27. Rxa3 Nxa3+ 28. Ka2 Nb5 29. Ra1 Nb6 30. Kb2 Nc4+ 31. Kc1 O-O 32. exd5 exd5 33. Nb7 Nxd4 34. Nxa5 Nxa5 35. Rxa5 Nb3+ 0-1


[Site "https://www.chess.com"]

[Event "Titled Tuesday Blitz August 09 Early 2022"]
[White "Omelja, Artem"]
[Black "Perez Rodriguez, Jennifer"]
[WhiteFideId "14119846"]
[BlackFideId "3507831"]
[WhiteElo "2382"]
[BlackElo "2170"]
[Result "1-0"]
[Round "05"]
[TimeControl "180+1"]
[Date "2022.08.09"]
[WhiteClock "0:00:37"]
[BlackClock "0:00:15"]

1. d4 Nf6 2. c4 e6 3. Nf3 d5 4. Nc3 Be7 5. cxd5 exd5 6. Bg5 c6 7. Qc2 Nbd7 8. e3 Nh5 9. Bxe7 Qxe7 10. Be2 O-O 11. O-O g6 12. Rab1 a5 13. a3 Ng7 14. Na4 Nf6 15. Nb6 Bf5 16. Bd3 Bxd3 17. Qxd3 Ra6 18. Na4 Ne4 19. Nd2 Nf5 20. Nxe4 dxe4 21. Qc2 Re8 22. Nc5 Raa8 23. b4 axb4 24. axb4 Nd6 25. Ra1 Qc7 26. Ra4 b5 27. Rxa8 Rxa8 28. Nxe4 Nxe4 29. Qxe4 Qd6 30. Rc1 Qxb4 31. Qxc6 Ra2 32. Qe8+ Kg7 33. Qe5+ Kh6 34. h4 Qd2 35. Qf4+ Kg7 36. Rc7 Ra1+ 37. Kh2 Qa2 38. Qe5+ Kh6 39. Qf6 b4 40. Rxf7 1-0


[Site "https://www.chess.com"]

[Event "Titled Tuesday Blitz August 09 Early 2022"]
[White "Orlov, Georgi"]
[Black "Senlle Caride, Miguel"]
[WhiteFideId "2011271"]
[BlackFideId "2282500"]
[WhiteElo "2595"]
[BlackElo "2339"]
[Result "1-0"]
[Round "05"]
[TimeControl "180+1"]
[Date "2022.08.09"]
[WhiteClock "0:00:38"]
[BlackClock "0:00:01"]

1. d4 Nf6 2. Nf3 g6 3. c4 Bg7 4. Nc3 O-O 5. e4 d6 6. Be2 e5 7. dxe5 dxe5 8. Qxd8 Rxd8 9. Bg5 c6 10. Nxe5 Re8 11. f4 h6 12. Bh4 Nbd7 13. Nxd7 Bxd7 14. e5 Nh7 15. O-O-O Be6 16. Bf2 Rad8 17. Rxd8 Rxd8 18. Bxa7 Re8 19. g3 g5 20. Bd4 gxf4 21. gxf4 Rd8 22. Bb6 Rd7 23. Ne4 Kh8 24. Nc5 Re7 25. Rd1 Nf8 26. Rd8 Kh7 27. Bd3+ Ng6 28. f5 Nxe5 29. fxe6+ Nxd3+ 30. Rxd3 fxe6 31. Rd7 Re8 32. Nxb7 e5 33. Nd6 Rf8 34. a4 Rf1+ 35. Kc2 Rh1 36. Ne8 Rxh2+ 37. Kb3 Rg2 38. a5 e4 39. a6 Rxb2+ 40. Ka3 Rxb6 41. Rxg7+ Kh8 42. a7 Ra6+ 43. Kb3 e3 44. Re7 Kg8 45. Nf6+ Kf8 46. Re8+ Kf7 47. a8=Q e2 48. Qxa6 e1=Q 49. Rxe1 h5 50. Qxc6 h4 51. Qd7+ Kg6 52. Qg4+ Kh6 53. Re8 h3 54. Rh8# 1-0


[Site "https://www.chess.com"]

[Event "Titled Tuesday Blitz August 09 Early 2022"]
[White "Ovezdurdyyeva, Jemal"]
[Black "Locci, Damiano"]
[WhiteFideId "14001888"]
[BlackFideId "819751"]
[WhiteElo "1946"]
[BlackElo "2395"]
[Result "1-0"]
[Round "05"]
[TimeControl "180+1"]
[Date "2022.08.09"]
[WhiteClock "0:00:56"]
[BlackClock "0:00:02"]

1. e4 e6 2. d4 d5 3. Nd2 Be7 4. Ngf3 Nf6 5. Bd3 c5 6. exd5 exd5 7. dxc5 Bxc5 8. O-O O-O 9. Nb3 Bb6 10. Bg5 Nc6 11. h3 h6 12. Bh4 Bc7 13. c3 Be6 14. Bc2 g5 15. Bg3 Ne4 16. Bxc7 Qxc7 17. Re1 f5 18. Nfd4 Rae8 19. Nxe6 Rxe6 20. Qxd5 Re8 21. Qxf5 Nd6 22. Qxe6+ Rxe6 23. Rxe6 Nc4 24. Rxh6 Nxb2 25. Rg6+ Kf7 26. Rxg5 Ne7 27. Rg3 Na4 28. Nd4 Nd5 29. Bb3 Nb6 30. c4 Nxc4 31. Rc1 Ndb6 32. Rgc3 Qe5 33. Bxc4+ Nxc4 34. Rxc4 b5 35. Rc7+ Ke8 36. Nf3 Qb2 37. R1c2 Qb1+ 38. Kh2 Qb4 39. g3 Qd6 40. Rxa7 Qd5 41. Rc8+ 1-0


[Site "https://www.chess.com"]

[Event "Titled Tuesday Blitz August 09 Early 2022"]
[White "Papasimakopoulos, Alexandros"]
[Black "Samadov, Read"]
[WhiteFideId "4244125"]
[BlackFideId "13417444"]
[WhiteElo "2357"]
[BlackElo "2084"]
[Result "0-1"]
[Round "05"]
[TimeControl "180+1"]
[Date "2022.08.09"]
[WhiteClock "0:00:24"]
[BlackClock "0:00:48"]

1. d4 Nf6 2. c4 e6 3. Nc3 Bb4 4. Qc2 d5 5. cxd5 exd5 6. Bg5 h6 7. Bh4 c5 8. dxc5 g5 9. Bg3 Ne4 10. e3 Qa5 11. Ne2 Bf5 12. Be5 O-O 13. Nd4 Re8 14. Nb3 Qd8 15. Bd4 Ng3 16. Bd3 Bxd3 17. Qxd3 Nxh1 18. Qf1 Nc6 19. O-O-O Nxd4 20. Rxd4 Bxc3 21. bxc3 Qf6 22. Qxh1 Qxf2 23. Rd2 Qxe3 24. Qf1 Qxc3+ 25. Kb1 a5 26. Rd1 a4 27. Nd4 a3 28. Qf2 Ra4 29. Qd2 Rb4+ 30. Nb3 Rxb3+ 31. axb3 Qxb3+ 32. Ka1 Re3 33. Rb1 Qc3+ 34. Qxc3 Rxc3 35. Rb5 d4 36. Rxb7 Rxc5 37. Rd7 Rc1+ 38. Ka2 Rc2+ 39. Kxa3 Rxg2 40. h4 gxh4 41. Rxd4 h3 42. Rh4 h2 43. Kb3 Kg7 44. Kc3 Kg6 45. Kd3 Kg5 46. Rh3 Kg4 47. Rxh6 Rg3+ 48. Ke2 Rh3 49. Rg6+ fxg6 0-1


[Site "https://www.chess.com"]

[Event "Titled Tuesday Blitz August 09 Early 2022"]
[White "Parpiev, Isaak"]
[Black "Rostomyan, Mikayel"]
[WhiteFideId "34281576"]
[BlackFideId "13313754"]
[WhiteElo "2049"]
[BlackElo "1426"]
[Result "1-0"]
[Round "05"]
[TimeControl "180+1"]
[Date "2022.08.09"]
[WhiteClock "0:00:11"]
[BlackClock "0:00:44"]

1. e4 c5 2. Nf3 Nc6 3. Bb5 g6 4. Bxc6 bxc6 5. O-O Bg7 6. d3 d6 7. Nc3 e5 8. Na4 Ne7 9. a3 a5 10. Nd2 O-O 11. Nc4 Be6 12. Bd2 f5 13. f3 f4 14. Qe1 Bxc4 15. dxc4 g5 16. Rd1 h5 17. Bc3 Qc7 18. Qd2 Rf6 19. Qe2 Rg6 20. Rd3 Nc8 21. Rfd1 Qf7 22. b3 g4 23. Kh1 Bf8 24. Qd2 Qc7 25. g3 Bh6 26. Bxe5 dxe5 27. Rd7 Bf8 28. Rxc7 Nd6 29. Rxc6 gxf3 30. Qd5+ Kh7 31. Qxe5 fxg3 32. hxg3 Re8 33. Qxh5+ Rh6 34. Qxh6+ Kxh6 35. Rcxd6+ Bxd6 36. Rxd6+ Kg5 37. Nxc5 Kg4 38. Rg6+ Kh3 39. Nd3 f2 40. Nxf2# 1-0


[Site "https://www.chess.com"]

[Event "Titled Tuesday Blitz August 09 Early 2022"]
[White "Pinero Rodriguez, Carlos Jose"]
[Black "Buscar, Michael"]
[WhiteFideId "3901726"]
[BlackFideId "2603616"]
[WhiteElo "2053"]
[BlackElo "2010"]
[Result "0-1"]
[Round "05"]
[TimeControl "180+1"]
[Date "2022.08.09"]
[WhiteClock "0:00:29"]
[BlackClock "0:00:23"]

1. e4 c5 2. Nf3 Nc6 3. d4 cxd4 4. Nxd4 Nf6 5. Nc3 e5 6. Ndb5 h6 7. Nd5 Nxd5 8. exd5 a6 9. dxc6 axb5 10. cxd7+ Bxd7 11. Bd3 Be7 12. O-O O-O 13. Qe2 Qc7 14. Bxb5 Bxb5 15. Qxb5 Qxc2 16. Qxb7 Bc5 17. Qf3 Bd4 18. Qd1 Rfc8 19. Qxc2 Rxc2 20. a4 Ra5 21. b4 Bxa1 22. bxa5 Bd4 23. Be3 Ra2 24. g3 Bxe3 25. fxe3 Rxa4 26. Rd1 Rxa5 27. Kg2 Ra2+ 28. Kh3 Re2 29. Rd3 Kh7 30. g4 Kg6 31. Kg3 Ra2 32. Rb3 f6 33. Rc3 Ra4 34. Rb3 h5 35. gxh5+ Kxh5 36. Rb7 Rg4+ 37. Kf3 e4+ 38. Kf2 f5 39. Rb8 Rh4 40. Rh8+ Kg4 41. Rg8 Rxh2+ 42. Kg1 Rh7 43. Kf2 g5 44. Rg6 Rh2+ 45. Kg1 Rh3 46. Kf2 Rh2+ 47. Kf1 Kf3 48. Rxg5 Rh1+ 49. Rg1 Rxg1+ 50. Kxg1 Kxe3 51. Kf1 f4 52. Kg1 f3 53. Kf1 f2 54. Kg2 Ke2 55. Kg3 f1=Q 56. Kg4 Qf3+ 57. Kg5 Kf2 58. Kg6 e3 59. Kg7 e2 60. Kg8 e1=Q 61. Kg7 Qg1+ 62. Kh8 Qfh1# 0-1


[Site "https://www.chess.com"]

[Event "Titled Tuesday Blitz August 09 Early 2022"]
[White "Pourkashiyan, Atousa"]
[Black "Gombocz, Ferenc Jr."]
[WhiteFideId "12502014"]
[BlackFideId "775029"]
[WhiteElo "2247"]
[BlackElo "1913"]
[Result "1/2-1/2"]
[Round "05"]
[TimeControl "180+1"]
[Date "2022.08.09"]
[WhiteClock "0:00:12"]
[BlackClock "0:00:22"]

1. e4 e5 2. Nf3 Nc6 3. Bb5 g6 4. O-O Bg7 5. c3 a6 6. Ba4 d6 7. d4 Bd7 8. d5 Nce7 9. Bxd7+ Qxd7 10. c4 h6 11. Nc3 f5 12. exf5 gxf5 13. Nh4 Nf6 14. f4 e4 15. Be3 O-O 16. Ne2 c6 17. dxc6 bxc6 18. Bd4 c5 19. Bc3 d5 20. cxd5 Nexd5 21. Ng3 Nxc3 22. bxc3 Qxd1 23. Raxd1 Ng4 24. Nhxf5 Bxc3 25. h3 Nf6 26. Nxh6+ Kh7 27. Nhf5 Rad8 28. Nd6 Bd4+ 29. Rxd4 cxd4 30. Ngxe4 Nxe4 31. Nxe4 Kg6 32. g4 d3 33. f5+ Kg7 34. Ng5 d2 35. Ne6+ Kf6 36. Nxd8 Rxd8 37. Rd1 Kg5 38. Kf2 Rd3 39. Ke2 Rxh3 40. Rxd2 Kxg4 41. f6 Rh7 42. Rd6 a5 43. Kd3 Kf5 44. Kc4 Rh4+ 45. Kb5 a4 46. a3 Kg6 47. Ra6 Kf7 48. Ka5 Rf4 49. Rb6 Re4 50. Rb4 Re5+ 51. Kb6 Kxf6 52. Rxa4 Re3 53. Ra8 Ke7 54. a4 Kd7 55. a5 Rb3+ 56. Ka7 Kc7 57. Rh8 Rb7+ 58. Ka8 Rb2 59. a6 Ra2 60. Ka7 Ra3 61. Rh1 Rc3 62. Rb1 Rc4 63. Rb3 Rc2 64. Rb7+ Kc8 65. Rb4 Rc1 66. Ka8 Rc6 67. a7 Rc1 68. Rb8+ Kc7 69. Rh8 Rb1 70. Rh7+ Kc8 71. Rh8+ Kc7 72. Rb8 Ra1 73. Rb3 Rc1 74. Rb4 Rc2 75. Rb5 Rc1 76. Rb2 Rc3 77. Rh2 Rc1 78. Rh7+ Kc8 79. Rh8+ Kc7 80. Rb8 Rc2 81. Rb7+ Kc8 82. Rb6 Rc1 83. Ra6 Rc2 84. Ra4 Rc1 85. Rb4 Rc2 86. Rb1 Rc3 87. Rh1 Rc2 88. Rh7 Rc1 89. Rh8+ Kc7 90. Rh7+ Kc8 1/2-1/2


[Site "https://www.chess.com"]

[Event "Titled Tuesday Blitz August 09 Early 2022"]
[White "Pranav Anand"]
[Black "Martinez Alcantara, Jose Eduardo"]
[WhiteFideId "46626786"]
[BlackFideId "3805662"]
[WhiteElo "2300"]
[BlackElo "2703"]
[Result "0-1"]
[Round "05"]
[TimeControl "180+1"]
[Date "2022.08.09"]
[WhiteClock "0:00:26"]
[BlackClock "0:00:43"]

1. d4 Nf6 2. c4 e6 3. Nc3 Bb4 4. e3 O-O 5. Bd2 b6 6. a3 Bxc3 7. Bxc3 Bb7 8. Nf3 Ne4 9. Rc1 d6 10. Be2 Nd7 11. O-O Nxc3 12. Rxc3 Nf6 13. Nd2 e5 14. b4 exd4 15. exd4 Re8 16. Bf3 Bxf3 17. Qxf3 a5 18. b5 Qd7 19. a4 Rad8 20. h3 d5 21. c5 Ne4 22. Rc2 Re6 23. Qb3 Nxd2 24. Rxd2 Qe7 25. cxb6 cxb6 26. Rc2 Qf6 27. Rd1 g6 28. Rc3 Rde8 29. Qxd5 Re1+ 30. Rxe1 Rxe1+ 31. Kh2 Qf4+ 32. Rg3 h5 33. Qf3 Qc1 34. Qa8+ Kg7 35. Rf3 Rh1+ 36. Kg3 Qg5# 0-1


[Site "https://www.chess.com"]